 Dungeon Crawl Stone Soup version 0.28-a0-421-gd1dd6c5fb5 (webtiles) character file.

Game seed: 12978912445528188110

83 Astera the Poker (level 4, -2/37 HPs)
             Began as a Merfolk Fighter on Sept 8, 2021.
             Was a Follower of Ashenzari.
             Slain by a gnoll (7 damage)
             ... on level 2 of the Dungeon.
             The game lasted 00:07:17 (1256 turns).

Astera the Poker (Merfolk Fighter)                  Turns: 1256, Time: 00:07:17

Health: -2/37      AC:  6    Str: 17    XL:     4   Next: 44%
Magic:  4/4        EV:  9    Int:  7    God:    Ashenzari [*.....]
Gold:   63         SH:  5    Dex: 13    Spells: 3/3 levels left

rFire   . . .      SeeInvis .   a - +0 trident of the Clairvoyant Comet {Comp, Alch} (curse)
rCold   . . .      Faith    .   c - +0 buckler "Restrained With Me" {Cun, Evo} (curse)
rNeg    . . .      Spirit   .   b - +0 scale mail
rPois   .          Reflect  .   j - +0 hat
rElec   .          Harm     .   (no cloak)
rCorr   .          Rampage  .   (no gloves)
Will    .....                   (no boots)
Stlth   ..........              (no amulet)
HPRegen 0.12/turn               (no ring)
MPRegen 0.09/turn               (no ring)

@: no status effects
A: (nimble swimmer 2), mertail
a: Renounce Religion, Shatter the Chains


You were on level 2 of the Dungeon.
You worshipped Ashenzari.
Ashenzari was aware of your devotion.
You visited 1 branch of the dungeon, and saw 2 of its levels.

You collected 63 gold pieces.

Inventory:

Hand Weapons
 a - the cursed +0 trident of the Clairvoyant Comet (weapon) {Comp, Alch}

   It has a curse which improves the following skills: Companions: Summonings
   and Necromancy.
   Alchemy:   Poison Magic and Transmutations.
Missiles
 f - 11 poisoned darts (quivered)
Armour
 b - a +0 scale mail (worn)
 c - the cursed +0 buckler "Restrained With Me" (worn) {Cun, Evo}

   It has a curse which improves the following skills: Cunning: Dodging and
   Stealth.
   Evocations: Evocations.
 e - a +0 plate armour
 j - a +0 hat (worn)
Scrolls
 g - a scroll of enchant armour
Potions
 d - 3 potions of might
 h - a potion of brilliance


   Skills:
 + Level 3.7 Fighting
 + Level 4.6 Polearms
 + Level 2.7 Armour
 + Level 1.0(1.6) Dodging
 + Level 3.3 Shields


You had 3 spell levels left.
You didn't know any spells.
Your spell library was empty.

Dungeon Overview and Level Annotations

Branches:
Dungeon (2/15)

Altars:
Ashenzari


Innate Abilities, Weirdness & Mutations

((You are quick and stealthy near water. (Stealth+, EV+, Speed+++)))
Your lower body shifts to a powerful aquatic tail in water.


Message History

You barely miss the gnoll.
The gnoll is heavily wounded.
The gnoll hits you with a +0 flail.
You are too injured to fight recklessly!
You are too injured to fight recklessly!
You are too injured to fight recklessly!
You are too injured to fight recklessly!
You are too injured to fight recklessly!
You are too injured to fight recklessly!
You are too injured to fight recklessly!
You puncture the gnoll!
You kill the gnoll!
A gnoll comes into view. It is wielding a +0 flail.
You reach to attack!
You barely miss the gnoll.
You hear a shout!
A gnoll comes into view. It is wielding a +0 club.
You barely miss the gnoll. The gnoll closely misses you.
The gnoll barely misses you.
You hit the gnoll.
The gnoll is heavily wounded.
The gnoll hits you with a +0 flail.
You hit the gnoll but do no damage.
The gnoll is heavily wounded.
The gnoll barely misses you.
You puncture the gnoll!
You kill the gnoll!
Your Dodging skill increases to level 1!
You barely miss the gnoll. The gnoll barely misses you.
You closely miss the gnoll. The gnoll hits you with a +0 club.
You closely miss the gnoll. The gnoll hits you but does no damage.
You hit the gnoll but do no damage. The gnoll hits you with a +0 club.
* * * LOW HITPOINT WARNING * * *
You hit the gnoll.
The gnoll is lightly wounded.
The gnoll hits you with a +0 club.
* * * LOW HITPOINT WARNING * * *
You puncture the gnoll!
The gnoll is severely wounded.
The gnoll hits you with a +0 club!
You die...

# #.# #.# #.#
#
#.####.####.#
..
#...........#
##
##.####.######
#..# #.# ###.#
#.## #.# ....#
#.# #.# #####
#### #.# #.#
#.... #@# #.#
#.....###g#
#.#
#.....)†..#
..#
#.....#####
#..g. .#.. ##


You could see a gnoll.

Vanquished Creatures
  Jessica (D:2)
  2 gnolls (D:2)
  2 bats
  2 endoplasms (D:2)
  A giant cockroach (D:1)
  4 goblins
  3 hobgoblins
  6 jackals
  4 kobolds
  A quokka (D:2)
  4 frilled lizards
  6 rats
36 creatures vanquished.

Notes
Turn   | Place    | Note
-------+----------+-------------------------------------------
     0 | D:1      | Astera the Merfolk Fighter began the quest for the Orb.
     0 | D:1      | Reached XP level 1. HP: 18/18 MP: 1/1
   130 | D:1      | Found a faded altar of an unknown god.
   138 | D:1      | Became a worshipper of Ashenzari the Shackled
   238 | D:1      | Reached XP level 2. HP: 24/24 MP: 2/2
   921 | D:2      | Reached XP level 3. HP: 29/29 MP: 3/3
   930 | D:2      | Noticed Jessica
   939 | D:2      | Killed Jessica
   940 | D:2      | Reached skill level 4 in Polearms
  1050 | D:2      | Reached * piety under Ashenzari
  1183 | D:2      | Reached XP level 4. HP: 27/37 MP: 4/4
  1251 | D:2      | Reached skill level 1 in Dodging
  1256 | D:2      | Slain by a gnoll

Illustrated notes

Levels and vault maps discovered:
D:1:      minmay_arrival_semitransparent, layout_loops_ring,
          ebering_ecumenical_altar_mist
D:2:      layout_loops_ring, uniq_jessica

Skill      XL: |  1  2  3  4 |
---------------+-------------+-----
Polearms       | 4 |  4.6
Dodging        | 1 |  1.0
Fighting       | |  3.7
Armour         | |  2.7
Shields        | |  3.3

Action                   |  1- 3 |  4- 6 || total
-------------------------+-------+-------++-------
Melee: Trident           |   107 |    37 ||   144
Invok: Curse Item        |     2 |       ||     2
Armor: Scale mail        |    39 |    12 ||    51
Dodge: Dodged            |    29 |    15 ||    44
Block: Buckler           |    19 |     4 ||    23

Table legend: (Time is in decaauts)
 A = Elapsed time spent in this place.
 B = Non-inter-level travel time spent in this place.
 C = Inter-level travel time spent in this place.
 D = Time resting spent in this place.
 E = Time spent auto-exploring this place.
 F = Levels seen in this place.
 G = Mean time per level.
                   A        B        C        D        E       F      G
               +--------+--------+--------+--------+--------+-----+--------+
         Total |   1275 |   1266 |      9 |     21 |    877 |   2 |  637.5 |
       Dungeon |   1275 |   1266 |      9 |     21 |    877 |   2 |  637.5 |
               +--------+--------+--------+--------+--------+-----+--------+

Top non-repeatable levels by time:
     D:1: 847 daAuts
     D:2: 428 daAuts
